 Dungeon Crawl Stone Soup version 0.28-a0-863-g8cecda6153 (webtiles) character file.

Game seed: 4583064737000892289

2934 blank1 the Basher (level 9, -1/85 HPs)
             Began as a Minotaur Fighter on Nov 18, 2021.
             Was an Elder of Okawaru.
             Succumbed to cheechan's ghost's poison
             ... on level 6 of the Dungeon.
             The game lasted 00:11:40 (7274 turns).

blank1 the Basher (Minotaur Fighter)                Turns: 7274, Time: 00:11:41

Health: -1/85      AC: 15    Str: 24    XL:     9   Next: 51%
Magic:  10/11      EV: 11    Int:  5    God:    Okawaru [****..]
Gold:   309        SH:  6    Dex: 10    Spells: 8/8 levels left

rFire   . . .      SeeInvis .   p - +2 whip (flame)
rCold   . . .      Faith    .   c - +0 buckler
rNeg    . . .      Spirit   .   r - +0 chain mail
rPois   .          Reflect  .   (helmet restricted)
rElec   .          Harm     .   g - +0 cloak
rCorr   +          Rampage  .   (no gloves)
Will    .....                   u - +0 pair of boots
Stlth   ..........              (no amulet)
HPRegen 0.24/turn               e - ring of resist corrosion
MPRegen 0.12/turn               (no ring)

@: mighty, lethally poisoned (-1 -> -18), heroic
A: horns 2, retaliatory headbutt
a: Renounce Religion, Heroism, Finesse


You were on level 6 of the Dungeon.
You worshipped Okawaru.
Okawaru was greatly pleased with you.
You visited 2 branches of the dungeon, and saw 7 of its levels.

You collected 309 gold pieces.

Inventory:

Hand Weapons
 a - a +0 flail
 p - a +2 whip of flaming (weapon)
Armour
 c - a +0 buckler (worn)
 g - a +0 cloak (worn)
 r - a +0 chain mail (worn)
 u - a +0 pair of boots (worn)
Jewellery
 e - a ring of resist corrosion (left hand)
 k - a ring of fire
Wands
 m - a wand of flame (22)
Scrolls
 b - 2 scrolls of holy word {unknown}
 f - 4 scrolls of identify {unknown}
 h - 2 scrolls of fog {unknown}
 n - 2 scrolls of torment {unknown}
 q - a scroll of vulnerability {unknown}
 t - a scroll of blinking {unknown}
 v - a scroll of magic mapping {unknown}
Potions
 i - 2 potions of heal wounds {unknown}
 j - a potion of berserk rage {unknown}
 l - 3 potions of curing {unknown}
 o - 2 potions of attraction {unknown}
 s - 2 potions of lignification {unknown}
 w - a potion of haste {unknown}


   Skills:
 + Level 9.6(14.6) Fighting
 + Level 9.6(14.6) Maces & Flails
 - Level 7.0(12.0) Armour
 - Level 4.0(9.0) Dodging
 - Level 4.0(9.0) Shields
 - Level 4.0 Invocations


You had 8 spell levels left.
You didn't know any spells.
Your spell library contained the following spells:

 Spells                   Type           Power      Damage    Failure   Level
 Ensorcelled Hibernation  Hex/Ice        0%         N/A       98%         2
 Inner Flame              Hex/Fire       0%         N/A       100%        3
 Spider Form              Tmut/Pois      0%         N/A       100%        3
 Cause Fear               Hex            0%         N/A       100%        4
 Leda's Liquefaction      Hex/Erth       0%         N/A       100%        4
 Blade Hands              Tmut           0%         N/A       100%        5
 Lee's Rapid Deconstruct  Erth           0%         3d5*      100%        5
 Iron Shot                Conj/Erth      0%         9d1       100%        6
 Statue Form              Tmut/Erth      0%         N/A       100%        6
 Storm Form               Tmut/Air       0%         N/A       100%        7
 Discord                  Hex            0%         N/A       100%        8
 Maxwell's Capacitive Co  Air            0%         ∞         100%        8
 Animate Armour           Summ/Erth      Unusable   N/A       N/A         4
 Summon Lightning Spire   Summ/Air       Unusable   N/A       N/A         4

Dungeon Overview and Level Annotations

Branches:
Dungeon (6/15)             Temple (1/1) D:4

Altars:
Dithmenos
Gozag
Hepliaklqana
Kikubaaqudgha
Okawaru
Qazlal
Ru
Wu Jian
Zin


Innate Abilities, Weirdness & Mutations

You have a pair of horns on your head.
You reflexively headbutt those who attack you in melee.


Message History

* * * LOW HITPOINT WARNING * * *
You feel sick.
You barely miss cheechan's ghost.
Cheechan's ghost is severely damaged.
* * * LOW HITPOINT WARNING * * *
You feel sick. You block cheechan's ghost's attack.
Okay, then.
Okay, then.
Okay, then.
You feel very mighty all of a sudden.
* * * LOW HITPOINT WARNING * * *
You feel very sick.
Cheechan's ghost hits you but does no damage.
You are lethally poisoned!
You barely miss cheechan's ghost. You headbutt cheechan's ghost.
Cheechan's ghost is almost destroyed.
* * * LOW HITPOINT WARNING * * *
You feel sick.
You hit cheechan's ghost but do no damage.
Cheechan's ghost is almost destroyed.
* * * LOW HITPOINT WARNING * * *
You feel sick.
Cheechan's ghost wails, "You will never get the ORB!"
Cheechan's ghost hits you.
* * * LOW HITPOINT WARNING * * *
You are more poisoned.
You hit cheechan's ghost.
Cheechan's ghost is almost destroyed.
* * * LOW HITPOINT WARNING * * *
You feel very sick.
Unknown command.
You hit cheechan's ghost.
Cheechan's ghost is almost destroyed.
* * * LOW HITPOINT WARNING * * *
You feel sick.
Cheechan's ghost hits you but does no damage.
You whack cheechan's ghost! You burn cheechan's ghost.
You destroy cheechan's ghost!
Okawaru is honoured by your kill.
You can now speed up your combat.
You die...

..........#.............#........
..........#.............######'##
..........'......................
#####...###.....##...............
....#######.....##....>.##.......
....#...........##......##.......
....'............+......##.......
....#...................##.......
....#+####......@........#.......
..###...########''####...#.......
..#.........#≈..≈...##...#.......
..#.........##≈.#.⌠≈≈#####.......
..#.........##.≈.≈.#.#..##.....<.
..#.........#.#≈.(..##..##.......
..#.....<...###.#.####(..')......
..#.........##########...#.......
..#..............#.......#.......


There were no monsters in sight!

Vanquished Creatures
  The ghost of cheechan the Poker, a novice NaFi of Ashenzari (D:6)
  Pikel (D:3)
  Prince Ribbit (D:5)
  Eustachio (D:4)
  Sigmund (D:4)
  A wyvern (D:4)
  Menkaure (D:5)
  A water moccasin (D:4)
  A black bear (D:3)
  An ogre (D:6)
  2 necrophages
  2 phantoms
  A bullfrog (D:6)
  5 scorpions
  A howler monkey (D:5)
  A centaur zombie (D:5)
  3 orc priests (D:5)
  A gnoll shaman (D:4)
  4 hounds
  A bullfrog skeleton (D:4)
  4 iguanas
  3 orc wizards (D:5)
  A howler monkey zombie (D:5)
  4 gnolls
  2 howler monkey skeletons
  6 adders
  An ufetubus (D:5)
  4 worms
  A dart slug (D:2)
  18 orcs
  9 bats
  9 endoplasms
  6 giant cockroaches
  12 goblins
  12 hobgoblins
  2 jackals (D:1)
  4 quokkas
  2 ball pythons (D:1)
  4 frilled lizards
  10 kobolds
  9 rats
154 creatures vanquished.

Notes
Turn   | Place    | Note
-------+----------+-------------------------------------------
     0 | D:1      | blank1 the Minotaur Fighter began the quest for the Orb.
     0 | D:1      | Reached XP level 1. HP: 19/19 MP: 0/0
   136 | D:1      | Found a faded altar of an unknown god.
   145 | D:1      | Reached XP level 2. HP: 27/27 MP: 1/1
   629 | D:1      | Reached skill level 1 in Dodging
  1150 | D:2      | Reached XP level 3. HP: 25/33 MP: 2/2
  1634 | D:2      | Reached XP level 4. HP: 34/40 MP: 3/3
  3203 | D:3      | Reached XP level 5. HP: 42/45 MP: 4/4
  3258 | D:4      | Found a staircase to the Ecumenical Temple.
  3265 | D:4      | Noticed a black bear
  3267 | Temple   | Entered the Ecumenical Temple
  3288 | Temple   | Became a worshipper of Warmaster Okawaru
  3306 | D:4      | Noticed Pikel
  3321 | D:3      | Killed a black bear
  3322 | D:3      | Reached skill level 5 in Fighting
  3322 | D:3      | Reached skill level 5 in Maces & Flails
  3327 | D:4      | Noticed a lemure
  3327 | D:4      | Noticed a lemure
  3337 | D:3      | Killed Pikel
  3337 | D:3      | Reached * piety under Okawaru
  3338 | D:3      | Reached skill level 5 in Armour
  3338 | D:3      | Reached XP level 6. HP: 19/57 MP: 4/7
  3338 | D:3      | Reached XP level 7. HP: 21/63 MP: 4/8
  4110 | D:4      | Noticed a wyvern
  4117 | D:4      | Killed a wyvern
  4118 | D:4      | Reached XP level 8. HP: 63/73 MP: 9/9
  4388 | D:4      | Noticed Eustachio
  4409 | D:4      | Killed Eustachio
  4409 | D:4      | Reached ** piety under Okawaru
  4811 | D:4      | Noticed Sigmund
  4825 | D:4      | Killed Sigmund
  5174 | D:5      | Entered Level 5 of the Dungeon
  5177 | D:5      | Noticed Prince Ribbit
  5200 | D:5      | Killed Prince Ribbit
  5608 | D:5      | Reached *** piety under Okawaru
  5609 | D:5      | Reached XP level 9. HP: 79/82 MP: 10/10
  6071 | D:5      | Noticed Menkaure
  6075 | D:5      | Killed Menkaure
  6536 | D:6      | Found a large runed translucent door.
  6537 | D:6      | Found a large runed translucent door.
  6959 | D:6      | Noticed cheechan's ghost (novice NaFi)
  7272 | D:6      | HP: 2/85 [poisoned by cheechan's ghost]
  7274 | D:6      | Killed cheechan's ghost
  7274 | D:6      | Reached **** piety under Okawaru
  7274 | D:6      | Succumbed to cheechan's ghost's poison

Illustrated notes

Levels and vault maps discovered:
D:1:      dpeg_arrival_tiny_f, layout_loops_ring,
          dreamdust_ecumenical_altar_grove, chequers_avenue
D:2:      layout_basic, minmay_hexomino_c4
D:3:      layout_loops_ring, chequers_serial_rivers_micro_b,
          roderic_serpentine_path, corexii_hall_statues_i
D:4:      minmay_chambers_of_threes, layout_basic, minmay_temple_entry_tees,
          uniq_eustachio, uniq_sigmund, uniq_pikel
D:5:      layout_loops_cross, palyth_stone_intersect, uniq_prince_ribbit1,
          uniq_menkaure
D:6:      layout_gridville, ebering_ghost_disaster_area,
          nicolae_fountain_basement
Temple:   compressed_dpeg_circular_temple

Skill      XL: |  1  2  3  4  5  6  7  8  9 |
---------------+----------------------------+-----
Dodging        | 1 2 4 |  4.0
Fighting       | 4 6 7 8 9 |  9.6
Shields        | 4 |  4.0
Armour         | 4 5 6 7 |  7.0
Maces & Flails | 3 4 6 7 8 9 |  9.6
Invocations    | 3 4 |  4.0

Action                   |  1- 3 |  4- 6 |  7- 9 || total
-------------------------+-------+-------+-------++-------
Melee: Flail             |    99 |    81 |       ||   180
       Headbutt          |    11 |    19 |    65 ||    95
       Whip              |       |       |   292 ||   292
Invok: Heroism           |       |       |     2 ||     2
  Use: Potion            |       |       |     1 ||     1
Armor: Scale mail        |    29 |    30 |    32 ||    91
       Chain mail        |       |       |    61 ||    61
Dodge: Dodged            |    45 |    43 |   103 ||   191
Block: Buckler           |    26 |    18 |    36 ||    80

Table legend: (Time is in decaauts)
 A = Elapsed time spent in this place.
 B = Non-inter-level travel time spent in this place.
 C = Inter-level travel time spent in this place.
 D = Time resting spent in this place.
 E = Time spent auto-exploring this place.
 F = Levels seen in this place.
 G = Mean time per level.
                   A        B        C        D        E       F      G
               +--------+--------+--------+--------+--------+-----+--------+
         Total |   7231 |   6841 |    390 |   1039 |   4730 |   7 | 1033.0 |
       Dungeon |   7193 |   6818 |    375 |   1039 |   4725 |   6 | 1198.8 |
        Temple |     37 |     22 |     15 |      0 |      5 |   1 |   37.0 |
               +--------+--------+--------+--------+--------+-----+--------+

Top non-repeatable levels by time:
     D:3: 1721 daAuts
     D:4: 1672 daAuts
     D:1: 1123 daAuts
     D:5: 1015 daAuts
     D:6: 840 daAuts
     D:2: 820 daAuts
  Temple: 37 daAuts
